 Dungeon Crawl Stone Soup version 0.29.0-7-g18a832c13a (webtiles) character file.

Game seed: 7097026902303560931

236529 casanoah the Tortoise (level 20, -35/144 (148) HPs)
             Began as a Djinni Hedge Wizard on Aug 30, 2022.
             Was an Elder of Ashenzari.
             Killed from afar by a deep elf annihilator (61 damage)
             ... with a crystal spear
             ... on level 3 of the Elven Halls.
             The game lasted 02:00:58 (79367 turns).

casanoah the Tortoise (Djinni Hedge Wizard)        Turns: 79367, Time: 02:00:59

HP:   -35/144 (148) AC: 39    Str:  9    XL:     20   Next: 45%
Gold: 2525          EV: 23    Int: 31    God:    Ashenzari [****..] SH:  0 Dex: 13

rFire   + + +      SeeInvis +   f - +3 Elemental Staff {rElec rF++ rC++ AC+5, Evo, Melee} (curse)
rCold   + + .      Faith    .   (no shield)
rNeg    . . .      Spirit   .   U - +10 plate armour "Awummeub" {Will+}
rPois   ∞          Reflect  .   c - +0 hat of Supernal Understanding {Fort, Self} (curse)
rElec   +          Harm     .   p - +1 cloak of the Fated Malaise {Will+, Cun, Fort} (curse)
rCorr   .          Rampage  .   (no gloves)
Will    ++++.      Clarity  +   (boots unavailable)
Stlth   ..........              m - amulet of the All-seeing Welkin {Acrobat, Fort, Cun} (curse)
HPRegen 0.34/turn               R - ring of the Fated Loss {Int+6, Melee, Range} (curse)
MPRegen 0.00/turn               o - ring "Gaze Upon Infinity" {rC+, Fort, Melee} (curse)

@: about to teleport, acrobatic, flying, lightly drained
A: sickness immunity, fire resistance 2, cold vulnerability 1, float, innate
caster, HP casting, extra vitality 1
}: 1/15 runes: serpentine
a: Renounce Religion, Curse Item, Shatter the Chains


You were on level 3 of the Elven Halls.
You worshipped Ashenzari.
Ashenzari was greatly pleased with you.
You visited 7 branches of the dungeon, and saw 31 of its levels.
You also visited: Ice Cave.

You collected 2622 gold pieces.
You spent 97 gold pieces at shops.

Inventory:

Hand Weapons
 f - the cursed +3 Elemental Staff (weapon) {rElec rF++ rC++ AC+5, Evo, Melee}
   (You found it on level 1 of the Snake Pit)

   If the wielder is skilled in Evocations, they can discharge powerful blasts
   of elemental energy when striking with it.
   It enhances your fire, ice, earth and air magic.
   AC:        It affects your AC (+5).
   rF:        It greatly protects you from fire.
   rC:        It greatly protects you from cold.
   rElec:     It insulates you from electricity.
   It has a curse which improves the following skills: Evocations: Evocations.
   Melee Combat: Short Blades, Long Blades, Axes, Maces & Flails, Polearms,
   Staves and Unarmed Combat.
 h - the +10 flail of the Eternal Void {flame, Will+}
   (You found it on level 11 of the Dungeon)

   It burns those it strikes, dealing additional fire damage.
   Will:      It increases your willpower.
 v - a +1 demon trident of venom
 Q - a +1 triple sword of draining
 W - a +4 vorpal executioner's axe
Armour
 c - the cursed +0 hat of Supernal Understanding (worn) {Fort, Self}

   It has a curse which improves the following skills: Fortitude: Armour and
   Shields.
   Introspection: Fighting and Spellcasting.
 p - the cursed +1 cloak of the Fated Malaise (worn) {Will+, Cun, Fort}
   (You took it off Crazy Yiuf on level 2 of the Dungeon)

   It has a curse which improves the following skills: Cunning: Dodging and
   Stealth.
   Fortitude: Armour and Shields.
 F - a +2 robe of willpower
 M - a +2 leather armour of fire resistance
 U - the +10 plate armour "Awummeub" (worn) {Will+}
   (You found it on level 13 of the Dungeon)

   Will:      It increases your willpower.
Jewellery
 m - the cursed amulet of the All-seeing Welkin (around neck) {Acrobat, Fort, Cun}
   (You found it on level 3 of the Lair of Beasts)

   [amulet of the acrobat]

   It increases your evasion while moving and waiting.
   It has a curse which improves the following skills: Fortitude: Armour and
   Shields.
   Cunning:   Dodging and Stealth.
 o - the cursed ring "Gaze Upon Infinity" (right hand) {rC+, Fort, Melee}
   (You found it on level 3 of the Lair of Beasts)

   [ring of protection from cold]

   rC:        It protects you from cold.
   It has a curse which improves the following skills: Fortitude: Armour and
   Shields.
   Melee Combat: Short Blades, Long Blades, Axes, Maces & Flails, Polearms,
   Staves and Unarmed Combat.
 C - a ring of fire
 D - a ring of positive energy
 J - a ring of positive energy
 K - a ring of willpower
 O - a ring of protection from cold
 R - the cursed ring of the Fated Loss (left hand) {Int+6, Melee, Range}
   (You found it on level 5 of the Lair of Beasts)

   [ring of intelligence]

   Int:       It affects your intelligence (+6).
   It has a curse which improves the following skills: Melee Combat: Short
   Blades, Long Blades, Axes, Maces & Flails, Polearms, Staves and Unarmed
   Combat.
   Ranged Combat: Ranged Weapons and Throwing.
 S - a +4 ring of protection
Wands
 t - a wand of paralysis (30)
 E - a wand of flame (24)
 H - a wand of light (24)
 N - a wand of polymorph (17)
 P - a wand of mindburst (6)
 V - a wand of iceblast (5)
Scrolls
 b - 3 scrolls of vulnerability
 d - 11 scrolls of teleportation
 i - 4 scrolls of immolation
 j - 8 scrolls of poison
 k - 6 scrolls of magic mapping
 l - 5 scrolls of fear
 n - 5 scrolls of enchant weapon
 q - a scroll of butterflies
 x - 4 scrolls of brand weapon
 y - a scroll of silence
 A - a scroll of acquirement
 I - 2 scrolls of enchant armour
 T - a scroll of blinking
Potions
 a - 2 potions of berserk rage
 e - 3 potions of cancellation
 g - 6 potions of might
 r - 2 potions of haste
 s - 6 potions of attraction
 u - 10 potions of curing
 z - 2 potions of ambrosia
 B - 3 potions of mutation
 G - 3 potions of brilliance
 L - 3 potions of resistance


   Skills:
 * Level 12.4(14.3) Fighting
 + Level 0.3(3.1) Short Blades
 - Level 4.3(7.9) Long Blades
 + Level 3.1(7.2) Polearms
 * Level 5.7(9.8) Staves
 * Level 20.5(24.8) Armour
 + Level 8.1(11.1) Dodging
 + Level 6.7(9.7) Stealth
 - Level 18.1(19.9) Spellcasting
 * Level 7.5(9.6) Evocations


You had 8 spell levels left.
You knew the following spells:

 Your Spells              Type           Power      Damage    Failure   Level
a - Magic Dart            Conj           100%       1d8       0%          1
b - Blink                 Tloc           100%       N/A       0%          2
c - Call Imp              Summ           100%       N/A       0%          2
d - Slow                  Hex            100%       N/A       0%          1
e - Conjure Flame         Conj/Fire      100%       6-21      1%          3
f - Mephitic Cloud        Conj/Pois/Air  100%       N/A       1%          3
g - Summon Small Mammal   Summ           100%       N/A       0%          1
h - Ensorcelled Hibernat  Hex/Ice        100%       N/A       0%          2
i - Dazzling Flash        Conj/Hex       100%       N/A       1%          3
j - Stone Arrow           Conj/Erth      100%       3d13      1%          3
k - Lightning Bolt        Conj/Air       62%        1d85      1%          5
l - Iskenderun's Battles  Conj           100%       2d15      1%          5
m - Iron Shot             Conj/Erth      62%        9d12      1%          6
n - Summon Cactus Giant   Summ           50%        N/A       1%          6
o - Haunt                 Necr/Summ      50%        N/A       6%          7
Your spell library was empty.

Dungeon Overview and Level Annotations

Branches:
Dungeon (15/15) Temple (1/1) D:7 Lair (5/5) D:10 Shoals (1/4) Lair:2 Snake (4/4) Lair:2 Slime (0/5) Lair:4 Orc (2/2) D:11 Elf (3/3) Orc:2 Vaults (0/5) D:13 D:14 Depths (0/4) D:15 IceCv (visited)

Altars:
Ashenzari
Cheibriados
Dithmenos
Elyvilon
Fedhas
Gozag
Hepliaklqana
Makhleb
Nemelex Xobeh
Okawaru
Qazlal
Ru
Trog
Uskayaw
Wu Jian
Xom
Yredelemnul
Zin
The Shining One
Jiyva

Shops:
D:11 *   D:12 :[[   D:15 *   Orc:2 ?:((   Elf:3 :=:   Shoals:1 :   Snake:3 *

Annotations:
D:4 2 runed translucent doors, osoart's ghost, amateur TrBe
D:12 rc+++ plate armor oh fuck
D:13 DONT USE THE WEST STAIRS
D:14 1 runed translucent door, ragingrage's ghost, journeyman MiGl
Snake:2 1 runed translucent door, Zoimialu's ghost, adept OpHW
Snake:3 3 runed translucent doors, 2 transporters, exclusions: obsidian statue and orange crystal statue, TuffENuff's ghost, adept FoFi


Innate Abilities, Weirdness & Mutations

You are immune to sickness and miasma.
You are immune to poison.
Your flesh is very heat resistant. (rF++)
You are vulnerable to cold. (rC-)
You float through the air rather than walking.
You learn spells naturally, not from books.
Your magical power is your life essence.
You have superior vitality. (+4 MHP)


Message History

The deep elf zephyrmancer casts a spell at you.
The bolt of lightning hits you. You resist.
* * * LOW HITPOINT WARNING * * *
The bolt of lightning hits your battlesphere.
Your battlesphere completely resists.
Unknown command.
Casting: Iron Shot (mildly dangerous; 1% risk of failure)
Confirm with . or Enter, or press ? or * to list all spells.
Aiming: Iron Shot (mildly dangerous; 1% risk of failure)
Press: ? - help, Shift-Dir - straight line, f - deep elf zephyrmancer
Aim: a deep elf zephyrmancer, wielding a +0 long sword and wearing a +0 leather armour (ally target, 73% to hit)
You feel a surge of power!
The iron shot hits the deep elf zephyrmancer!!!
You kill the deep elf zephyrmancer!
* * * LOW HITPOINT WARNING * * *
Things that are here:
a +0 long sword; a +0 leather armour You start resting.
You sense a monster nearby.
You start resting.
You sense a monster nearby.
A deep elf death mage is nearby!
A deep elf death mage is nearby!
The deep elf death mage points at you and mumbles some strange words.
The bolt of negative energy hits your battlesphere.
Your battlesphere completely resists.
The bolt of negative energy hits you!
You feel drained.
* * * LOW HITPOINT WARNING * * *
The deep elf annihilator gestures wildly while chanting.
The deep elf annihilator blinks!
The deep elf high priest mumbles some strange prayers to its god.
The deep elf high priest begins emitting a brilliant aura!
The deep elf death mage is empowered by the deep elf high priest's aura!
The deep elf annihilator is empowered by the deep elf high priest's aura!
As you read the scroll of teleportation, it crumbles to dust.
You feel strangely unstable.
The deep elf annihilator hits your battlesphere with a +0 short sword!
The deep elf annihilator gestures at you while chanting.
The crystal spear hits you!!!
You die...

..# #.#** #.# , ♣♣♣♣♣#
..# #.# #.# ,∆, ,* * ..#
#.# #.#* , ..# #.# ##.##
+#* ** ###
#.######.###.# ,*
######.######.###.# *
##...#..ee..ee*.#.#####.
......)e#####...........
##..###.########@######*
* ###.###{## ###.## ,*
##### *#.###.## *##'###
* , ,..... #*.####)## *,
.....####'###*####
#######.##
,,............##
{######.###
,..............#####
.{+.......+
..............#####
{#####.####
,...............'....
######.### , ,,
,..........#####


You could see a deep elf annihilator (empowered), a deep elf death mage
(empowered, ally target), a deep elf high priest (brilliance aura) and a
friendly battlesphere.

Vanquished Creatures
  Vashnia (Snake:4)
  Rupert (D:13)
  2 quicksilver dragons (Snake:4)
  Asterion (Snake:4)
  3 deep elf blademasters
  2 deep elf master archers (Elf:3)
  A sphinx (D:13)
  A kraken (Shoals:1)
  Kirke (D:13)
  5 nagarajas
  A fire giant (D:13)
  An orc warlord (Orc:2)
  Aizul (Snake:2)
  2 deep elf sorcerers (Elf:3)
  A deep elf elementalist (Elf:3)
  A very ugly thing (D:15)
  Nessos (D:13)
  4 deep elf demonologists
  2 dire elephants (Lair:5)
  2 deep elf annihilators
  5 deep elf death magi
  A great orb of eyes (D:15)
  A merfolk impaler (Shoals:1)
  A deep elf high priest (Elf:3)
  2 rakshasas (D:15)
  5 salamander tyrants
  8 hydras
  Erolcha (D:11)
  2 boulder beetles
  An ogre mage (D:15)
  A catoblepas (Lair:4)
  10 naga warriors
  10 two-headed ogres
  17 anacondas
  3 centaur warriors
  26 dancing weapons
  14 naga sharpshooters
  6 death yaks
  3 shock serpents
  A tengu warrior (D:13)
  A spectral dire elephant (Lair:5)
  5 orc high priests (Orc:2)
  Sonja (D:11)
  20 deep elf knights
  2 spectral death yaks (Lair:5)
  A salamander mystic (Snake:4)
  8 sea snakes
  A spectral anaconda (Lair:5)
  An obsidian statue (Lair:5)
  5 naga ritualists
  A flayed ghost (D:13)
  A phantasmal warrior (D:13)
  31 deep elf pyromancers
  30 deep elf zephyrmancers
  10 orc knights
  4 necromancers (Lair:5)
  14 deep elf archers
  9 ugly things
  10 mana vipers
  A wolf spider (D:15)
  3 cyclopes
  3 oklob plants
  A merfolk siren (Lair:2)
  9 elephants (Lair:5)
  11 salamanders
  39 black mambas
  A black mamba (shapeshifter) (Elf:1)
  A torpor snail (Lair:5)
  A guardian serpent (shapeshifter) (Elf:1)
  4 guardian serpents
  Maurice (Orc:2)
  14 cane toads
  A gargoyle (D:12)
  19 naga magi
  2 rime drakes (Lair:5)
  Psyche (D:8)
  A freezing wraith (D:13)
  2 ice devils (IceCv)
  2 efreet
  5 komodo dragons
  A tengu conjurer (D:15)
  8 merfolk
  A wolf spider simulacrum (D:15)
  A meliai (shapeshifter) (D:15)
  A hornet (D:8)
  9 trolls
  5 polar bears
  8 dream sheep
  A snapping turtle (Shoals:1)
  10 slime creatures
  7 blink frogs (Lair:3)
  A spectral elephant (Lair:5)
  Sigmund (D:2)
  2 air elementals
  A vampire (D:10)
  A wraith (D:10)
  4 centaur simulacra (D:11)
  5 water elementals
  A shadow (D:13)
  15 humans
  44 yaks
  4 wyverns
  3 fire elementals
  7 basilisks
  6 hogs
  6 steam dragons
  37 nagas
  A harpy simulacrum (IceCv)
  Edmund (D:4)
  4 wargs
  2 acid dragons
  23 water moccasins
  A meliai simulacrum (D:11)
  2 ice beasts
  33 orc warriors
  3 sky beasts
  5 centaurs
  7 ogres
  17 wolves
  A phantom (D:5)
  3 kobold brigands
  A necrophage (D:7)
  8 bullfrogs
  A two-headed ogre simulacrum (IceCv)
  2 cane toad simulacra
  An earth elemental (Elf:3)
  6 scorpions
  12 killer bees
  An elephant simulacrum (IceCv)
  4 howler monkeys
  5 electric eels
  A lava snake (D:11)
  5 hounds
  31 orc priests
  7 jellies
  Crazy Yiuf (D:2)
  4 iguanas
  16 orc wizards
  A spriggan simulacrum (IceCv)
  2 troll simulacra (IceCv)
  A polar bear simulacrum (IceCv)
  A wolf simulacrum (IceCv)
  Robin (D:2)
  2 adders
  3 gnolls (D:2)
  3 naga simulacra (IceCv)
  2 shadow imps
  7 white imps
  3 ufetubi (D:11)
  2 worms (D:3)
  86 orcs
  3 ball pythons
  10 bats
  5 endoplasms
  4 giant cockroaches
  18 goblins
  5 hobgoblins
  2 quokkas (D:1)
  4 frilled lizards
  16 kobolds
  3 rats
  2 tentacles (Shoals:1)
  A withered plant (Lair:5)
1015 creatures vanquished.

Vanquished Creatures (collateral kills)
  A deep elf demonologist (Elf:3)
  A deep elf annihilator (Elf:3)
  A catoblepas (D:15)
  2 dancing weapons (Elf:2)
  A deep elf zephyrmancer (Elf:3)
  2 deep elf pyromancers
  An ugly thing (D:15)
  A mana viper (Snake:4)
  A salamander (Snake:4)
  2 slime creatures (D:15)
  4 nagas (Snake:4)
  2 tentacles (Shoals:1)
19 creatures vanquished.

Vanquished Creatures (others)
  2 humans
  A water elemental (Elf:2)
  An orc (D:8)
  43 fungi
  83 plants
  6 tentacles (Shoals:1)
  31 withered plants
167 creatures vanquished.

Grand Total: 1201 creatures vanquished

Notes
Turn   | Place    | Note
-------+----------+-------------------------------------------
     0 | D:1      | casanoah the Djinni Hedge Wizard began the quest for the
                  | Orb.
     0 | D:1      | casanoah set off with the following spells memorised: Magic
                  | Dart, Blink, Call Imp, Slow, Conjure Flame, Mephitic Cloud.
     0 | D:1      | Reached XP level 1. HP: 15/15 MP: 0/0
   264 | D:1      | Reached XP level 2. HP: 19/21 MP: 0/0
   673 | D:1      | Reached XP level 3. HP: 23/25 MP: 0/0
   673 | D:1      | Learned a level 1 spell: Summon Small Mammal
   992 | D:2      | Noticed Sigmund
  1591 | D:3      | Reached XP level 4. HP: 15/31 MP: 0/0
  2538 | D:2      | Reached XP level 5. HP: 19/35 MP: 0/0
  2538 | D:2      | Learned a level 2 spell: Ensorcelled Hibernation
  2684 | D:2      | Noticed Robin
  3809 | D:2      | Killed Robin
  4082 | D:2      | Found a runed translucent door.
  4083 | D:2      | Noticed Crazy Yiuf
  4386 | D:2      | Killed Sigmund
  4387 | D:2      | Reached XP level 6. HP: 20/41 MP: 0/0
  5286 | D:3      | Reached skill level 1 in Fighting
  5325 | D:3      | Reached XP level 7. HP: 32/47 MP: 0/0
  5325 | D:3      | Learned a level 3 spell: Dazzling Flash
  5605 | D:2      | Killed Crazy Yiuf
  5906 | D:3      | Reached skill level 5 in Spellcasting
  6096 | D:3      | Found a faded altar of an unknown god.
  7162 | D:4      | Reached skill level 1 in Long Blades
  7504 | D:4      | Noticed Edmund
  7519 | D:4      | Killed Edmund
  7520 | D:4      | Reached XP level 8. HP: 42/52 MP: 0/0
  7739 | D:4      | Found a large runed translucent door.
  7740 | D:4      | Found a large runed translucent door.
  7742 | D:4      | Noticed osoart's ghost (amateur TrBe)
  8450 | D:5      | Entered Level 5 of the Dungeon
 10875 | D:6      | Reached XP level 9. HP: 53/58 MP: 0/0
 10875 | D:6      | Learned a level 3 spell: Stone Arrow
 12087 | D:7      | Reached skill level 5 in Stealth
 12642 | D:7      | Found a staircase to the Ecumenical Temple.
 12656 | Temple   | Entered the Ecumenical Temple
 12977 | Temple   | Became a worshipper of Ashenzari the Shackled
 13893 | D:7      | Reached XP level 10. HP: 59/65 MP: 0/0
 13904 | D:7      | Reached skill level 5 in Dodging
 14690 | D:8      | Identified the +8 trident "Impslayer" {freeze, rPois rF-
                  | Int+6 SInv}
 14972 | D:8      | Noticed Psyche
 14986 | D:8      | Killed Psyche
 15151 | D:8      | Reached * piety under Ashenzari
 15896 | D:9      | Noticed a two-headed ogre
 15911 | D:9      | Killed a two-headed ogre
 15912 | D:9      | Reached skill level 1 in Polearms
 16272 | D:9      | Found a basalt altar of Yredelemnul.
 16299 | D:9      | Reached XP level 11. HP: 65/71 MP: 0/0
 16299 | D:9      | Learned a level 5 spell: Lightning Bolt
 16566 | D:9      | Found an ornate altar of the Wu Jian Council.
 17135 | D:9      | Reached skill level 10 in Spellcasting
 17691 | D:10     | Entered Level 10 of the Dungeon
 19315 | D:10     | Reached ** piety under Ashenzari
 19569 | D:10     | Noticed a two-headed ogre
 19576 | D:10     | Found a staircase to the Lair.
 19849 | D:10     | Killed a two-headed ogre
 20319 | D:11     | Identified the +3 hand axe "Xel Mucu" {antimagic, rElec
                  | rCorr Str+2 Stlth+}
 20393 | D:11     | Found a frozen archway.
 20394 | D:11     | Noticed a cyclops
 20411 | D:11     | Killed a cyclops
 20414 | D:11     | Noticed a purple ugly thing
 20417 | D:11     | Killed a purple ugly thing
 20681 | D:11     | Identified the +10 flail of the Eternal Void {flame, Will+}
 20682 | D:11     | Found a staircase to the Orcish Mines.
 20690 | IceCv    | Entered an ice cave
 21201 | IceCv    | Reached XP level 12. HP: 70/79 MP: 0/0
 22243 | IceCv    | Reached *** piety under Ashenzari
 24381 | D:11     | Noticed Erolcha
 24389 | D:11     | Killed Erolcha
 24811 | D:11     | Noticed Sonja
 25459 | D:11     | Noticed an eight-headed hydra
 25526 | D:11     | Killed an eight-headed hydra
 26381 | D:11     | Killed Sonja
 26497 | D:11     | Noticed a five-headed hydra
 26505 | D:11     | Killed a five-headed hydra
 26739 | D:11     | Found Kagat's Assorted Antiques.
 27143 | D:11     | Identified the +0 lajatang of Oneeqas {drain, Will+}
 27358 | Lair:1   | Entered Level 1 of the Lair of Beasts
 27713 | Lair:1   | Noticed a boulder beetle
 27729 | Lair:1   | Killed a boulder beetle
 28203 | Lair:1   | Noticed an eight-headed hydra
 28214 | Lair:1   | Killed an eight-headed hydra
 28298 | Lair:1   | Reached XP level 13. HP: 59/87 MP: 0/0
 28298 | Lair:1   | Learned a level 5 spell: Iskenderun's Battlesphere
 28529 | Lair:1   | Noticed an eight-headed hydra
 28537 | Lair:1   | Killed an eight-headed hydra
 28933 | Lair:1   | Noticed a four-headed hydra
 28937 | Lair:1   | Killed a four-headed hydra
 29391 | Lair:2   | Reached skill level 1 in Armour
 30239 | Lair:2   | Reached **** piety under Ashenzari
 30298 | Lair:2   | Found a staircase to the Snake Pit.
 30587 | Lair:2   | Reached skill level 5 in Fighting
 30587 | Lair:2   | Reached skill level 2 in Armour
 31013 | Lair:2   | Found a staircase to the Shoals.
 31705 | Lair:3   | Noticed a five-headed hydra
 31709 | Lair:3   | Killed a five-headed hydra
 31710 | Lair:3   | Reached skill level 3 in Armour
 32932 | Orc:1    | Entered Level 1 of the Orcish Mines
 34121 | Orc:2    | Entered Level 2 of the Orcish Mines
 34135 | Orc:2    | Reached XP level 14. HP: 77/101 MP: 0/0
 34526 | Orc:2    | Noticed an orc warlord
 34531 | Orc:2    | Killed an orc warlord
 34753 | Orc:2    | Reached skill level 4 in Armour
 35460 | Orc:2    | Reached skill level 15 in Spellcasting
 37160 | Orc:2    | Reached skill level 5 in Armour
 38598 | Orc:2    | Found a staircase to the Elven Halls.
 38818 | Orc:2    | Noticed Maurice
 38821 | Orc:2    | Killed Maurice
 39181 | Orc:2    | Found Seaqalir's Book Boutique.
 39181 | Orc:2    | Found Penwer's Magic Scroll Boutique.
 39182 | Orc:2    | Found Bappac's Weapon Boutique.
 39182 | Orc:2    | Found Peceed's Antique Weapon Shop.
 39190 | Orc:2    | Bought a scroll of blinking for 97 gold pieces
 41985 | Lair:4   | Found an iron altar of Okawaru.
 42230 | Lair:4   | Identified the +0 long sword "Joeph" {pain, Contam rElec
                  | Will+}
 42259 | Lair:4   | Found a glowing silver altar of Zin.
 42510 | Lair:4   | Found a runed translucent door.
 42510 | Lair:4   | Found a viscous altar of Jiyva.
 42551 | Lair:4   | Identified the +1 robe "Quhum" {Dex+4}
 42578 | Lair:4   | Found a staircase to the Slime Pits.
 42830 | Lair:5   | Entered Level 5 of the Lair of Beasts
 43113 | Lair:5   | Reached XP level 15. HP: 87/111 MP: 0/0
 43113 | Lair:5   | Learned a level 6 spell: Iron Shot
 44102 | Lair:5   | Reached skill level 6 in Armour
 46801 | Lair:5   | Reached skill level 7 in Armour
 47800 | D:12     | Found Xourghore's Antique Armour Shop.
 48299 | D:12     | Reached ***** piety under Ashenzari
 48577 | D:12     | Found Ifaw's Book Emporium.
 48741 | D:12     | Found Yqug's Armour Shop.
 49042 | D:13     | Noticed a fire giant
 49042 | D:13     | Identified the +10 plate armour "Awummeub" {Will+}
 49045 | D:13     | Noticed a sphinx
 49066 | D:13     | Killed a fire giant
 49070 | D:13     | Killed a sphinx
 49836 | D:14     | Noticed Nessos
 49836 | D:14     | Noticed Rupert
 49836 | D:14     | Found a gate to the Vaults.
 50249 | D:14     | Noticed Kirke
 50724 | D:13     | Killed Kirke
 50726 | D:13     | Reached XP level 16. HP: 29/121 MP: 0/0
 51527 | D:13     | Killed Nessos
 51528 | D:13     | Reached skill level 8 in Armour
 53032 | D:13     | Killed Rupert
 54594 | D:14     | Found a runed translucent door.
 54595 | D:14     | Noticed ragingrage's ghost (journeyman MiGl)
 54872 | Snake:1  | Entered Level 1 of the Snake Pit
 54887 | Snake:1  | Reached skill level 9 in Armour
 57041 | Snake:1  | Found the +3 Elemental Staff {rElec rF++ rC++ AC+5}
 57233 | Snake:2  | Noticed a nagaraja
 57237 | Snake:2  | Killed a nagaraja
 57238 | Snake:2  | Reached skill level 10 in Armour
 57416 | Snake:2  | Noticed Aizul
 57421 | Snake:2  | Killed Aizul
 58056 | Snake:2  | Reached XP level 17. HP: 72/121 MP: 0/0
 58056 | Snake:2  | Learned a level 6 spell: Summon Cactus Giant
 58426 | Snake:2  | Found a runed translucent door.
 58693 | Snake:2  | Reached skill level 10 in Fighting
 58694 | Snake:2  | Reached skill level 1 in Evocations
 59391 | Snake:2  | Noticed Zoimialu's ghost (adept OpHW)
 59528 | Snake:3  | Reached skill level 11 in Armour
 60007 | Snake:3  | Found a runed translucent gate.
 60007 | Snake:3  | Found a runed translucent gate.
 60007 | Snake:3  | Found a runed translucent gate.
 60008 | Snake:3  | Found an opulent altar of Gozag.
 60008 | Snake:3  | Noticed TuffENuff's ghost (adept FoFi)
 60013 | Snake:3  | Found Xeirup's Assorted Antiques.
 60305 | Snake:3  | Found a transporter.
 60556 | Snake:3  | Found a transporter.
 60568 | Snake:3  | Reached skill level 12 in Armour
 61280 | Snake:4  | Entered Level 4 of the Snake Pit
 61515 | Snake:4  | Reached skill level 1 in Staves
 61662 | Snake:4  | Noticed Vashnia
 61681 | Snake:4  | Killed Vashnia
 61682 | Snake:4  | Reached skill level 13 in Armour
 62649 | Snake:4  | Reached skill level 14 in Armour
 64038 | Snake:4  | Reached skill level 15 in Armour
 64041 | Snake:4  | Reached XP level 18. HP: 103/131 MP: 0/0
 64581 | Snake:4  | Noticed Asterion
 64587 | Snake:4  | Killed Asterion
 65327 | Snake:4  | Reached skill level 5 in Evocations
 65652 | Snake:4  | Reached skill level 16 in Armour
 66169 | Snake:4  | Noticed a quicksilver dragon
 66170 | Snake:4  | Noticed a quicksilver dragon
 66171 | Snake:4  | Killed a quicksilver dragon
 66173 | Snake:4  | Killed a quicksilver dragon
 66637 | Snake:4  | Got a serpentine rune of Zot
 67538 | Shoals:1 | Entered Level 1 of the Shoals
 67538 | Shoals:1 | Found Zeesem's Book Shoppe.
 67544 | Shoals:1 | Noticed a kraken
 67660 | Shoals:1 | Killed a kraken
 67667 | Shoals:1 | Noticed a kraken
 67668 | Shoals:1 | Noticed a kraken
 68833 | D:15     | Entered Level 15 of the Dungeon
 68834 | D:15     | Found Ruegg's Assorted Antiques.
 69071 | D:15     | Reached skill level 17 in Armour
 69830 | D:15     | Found a staircase to the Depths.
 70344 | D:15     | Found an ornate altar of the Wu Jian Council.
 70756 | Elf:1    | Entered Level 1 of the Elven Halls
 71205 | Elf:1    | Identified Qumpi's Volume of Arcane Weapons
 71214 | Elf:1    | Reached XP level 19. HP: 74/139 MP: 0/0
 71214 | Elf:1    | Learned a level 7 spell: Haunt
 71742 | Elf:1    | Identified a scroll of acquirement
 71750 | Elf:1    | Reached skill level 18 in Armour
 74974 | Elf:2    | Reached skill level 5 in Staves
 75370 | Elf:2    | Found a runed translucent gate.
 75371 | Elf:2    | Found a runed translucent gate.
 75371 | Elf:2    | Found a runed translucent gate.
 75541 | Elf:2    | Reached skill level 19 in Armour
 75758 | Elf:2    | Noticed a deep elf blademaster
 75766 | Elf:2    | Killed a deep elf blademaster
 77260 | Elf:3    | Entered Level 3 of the Elven Halls
 77528 | Elf:3    | Found Mikkuirast's Book Emporium.
 77528 | Elf:3    | Found Qiommuets's Jewellery Boutique.
 77529 | Elf:3    | Found Nuoqatt's Book Emporium.
 77581 | Elf:3    | Reached XP level 20. HP: 129/147 MP: 0/0
 77582 | Elf:3    | Identified the Disquisition on the Welkin
 78737 | Elf:3    | Reached skill level 20 in Armour
 79027 | Elf:3    | Identified the +8 eveningstar of Xesev {drain, rPois rC++
                  | Int-2 Stlth+}
 79297 | Elf:3    | Identified the ring "Veck" {rElec rPois Int+2 Dex+3}
 79367 | Elf:3    | Killed from afar by a deep elf annihilator

Illustrated notes

Levels and vault maps discovered:
D:1:      pf_arrival_petrified_forest, layout_rooms
D:2:      layout_rooms, nicolae_grassy_gnolls, uniq_sigmund, uniq_robin,
          uniq_crazy_yiuf_cottage
D:3:      layout_basic, shapermc_ecumenical_altar_mp_vishouse
D:4:      layout_basic, ebering_ghost_disaster_area, uniq_edmund
D:5:      layout_basic
D:6:      layout_loops_ring
D:7:      layout_loops_ring, minmay_temple_entry_trees
D:8:      layout_cave_pods, serial_park_tiny_2, uniq_psyche
D:9:      layout_roguey, mainiacjoe_overflow_catwalk_spiral
D:10:     layout_basic, lair_entry_dummy
D:11:     layout_roguey, orc_0_dummy, serial_ice, serial_ice_l, serial_ice_a,
          serial_ice_m, serial_ice_f, serial_ice_h, serial_ice_d, serial_ice_g,
          serial_ice_b, serial_ice_c, serial_ice_o,
          portal_ice_cave_entry_pillars_2, serial_shops, shop_statue,
          kennysheep_donut, uniq_sonja, uniq_erolcha
D:12:     layout_roguey, serial_rivers, chequers_serial_rivers_small_b,
          chequers_serial_rivers_small_b, chequers_serial_rivers_large_a,
          chequers_serial_rivers_micro_b, chequers_serial_rivers_micro_a,
          serial_shops, nicolae_shop_crystal, nicolae_shop_crystal,
          kennysheep_mini
D:13:     layout_gridville, minmay_diamond_spiral
D:14:     layout_rooms, david_vaults_3, gammafunk_ghost_grave, uniq_kirke
D:15:     gammafunk_enter_depths_forms, layout_irregular_city, basic_altar,
          serial_shops, nicolae_shop_behind_doors
Temple:   mainiacjoe_temple_cubbyholes
Lair:1:   layout_gridlike
Lair:2:   layout_regular_city, elwin_shoals_entry_rooms,
          minmay_snake_entry_six_corridors, grunt_forest_small_clearings
Lair:3:   layout_chaotic_city
Lair:4:   layout_regular_city, slime_entry_2, basic_altar, lemuel_oklob_altar
Lair:5:   due_jungle_book, layout_regular_city, minmay_lair_oklob_bushes,
          grunt_megastairs_5
Shoals:1: nicolae_shoals_lighthouse, layout_shoals, serial_shops,
          nicolae_shop_waterfront
Snake:1:  minmay_snake_river, layout_misc_corridors
Snake:2:  layout_onion_interference, ebering_ghost_inner_flame,
          nicolae_triple_integral, uniq_aizul
Snake:3:  gammafunk_sealed_arena, layout_grid_shapes, ebering_ghost_gozag,
          serial_bayou_shore_a
Snake:4:  hellmonk_snake_rune_quicksilver_temple, layout_basic, uniq_asterion,
          uniq_vashnia
Orc:1:    layout_caves
Orc:2:    st_orc_pillars, layout_caves, basic_altar, uniq_maurice, uniq_nessos
Elf:1:    minmay_elf_arrival_summoners, layout_geoelf_octagon,
          minmay_elf_annihilation, grunt_megastairs_3
Elf:2:    nicolae_elf_blades_crystal_corner, layout_geoelf_grid, lemuel_elevator
Elf:3:    elf_hall, layout_gridlike, serial_shops, nicolae_lakefront_shop,
          amethyst_killhole, kilobyte_mutagenic_chamber, minmay_shop_grove

Skill      XL: |  1  2  3  4  5  6  7  8  9 10 11 12 13 14 15 16 17 18 19 20 |
---------------+-------------------------------------------------------------+-----
Spellcasting   | 3 4 5 6 7 9 11 13 14 16 17 18 | 18.1
Stealth        | 2 3 4 5 6 |  6.7
Dodging        | 3 4 5 6 7 8 |  8.1
Fighting       | 1 2 3 4 6 7 8 9 11 12 | 12.4
Long Blades    | 1 3 4 |  4.3
Polearms       | 1 2 3 |  3.1
Armour         | 3 5 7 10 15 17 19 20 | 20.5
Evocations     | 4 5 7 |  7.5
Staves         | 2 4 5 |  5.7
Short Blades   | |  0.3

Action                   |  1- 3 |  4- 6 |  7- 9 | 10-12 | 13-15 | 16-18 | 19-21 || total
-------------------------+-------+-------+-------+-------+-------+-------+-------++-------
Melee: Dagger            |     9 |    24 |       |       |       |       |       ||    33
       Falchion          |       |     1 |   109 |       |       |       |       ||   110
       Punch             |       |       |     4 |       |       |     1 |       ||     5
       Trident           |       |       |       |    15 |    14 |     7 |       ||    36
       Staff             |       |       |       |       |       |    30 |     5 ||    35
 Cast: Magic Dart        |    63 |    95 |   155 |    98 |    20 |     1 |       ||   432
       Conjure Flame     |       |     7 |     8 |    34 |     2 |       |       ||    51
       Mephitic Cloud    |       |    10 |    25 |     5 |     1 |       |       ||    41
       Ensorcelled Hiber |       |     3 |    12 |     2 |     1 |     1 |       ||    19
       Blink             |       |     2 |       |     3 |     4 |     3 |       ||    12
       Call Imp          |       |     1 |     1 |       |       |       |       ||     2
       Dazzling Flash    |       |       |    16 |     1 |     3 |     2 |       ||    22
       Stone Arrow       |       |       |    54 |   220 |    63 |     1 |     1 ||   339
       Lightning Bolt    |       |       |       |    26 |   425 |   349 |   138 ||   938
       Iskenderun's Batt |       |       |       |       |    65 |    23 |    10 ||    98
       Iron Shot         |       |       |       |       |    13 |   154 |   101 ||   268
       Summon Cactus Gia |       |       |       |       |       |    15 |    13 ||    28
Invok: Curse Item        |       |       |       |     4 |     4 |     2 |       ||    10
       Shatter the Chain |       |       |       |       |     1 |     3 |       ||     4
  Use: Scroll            |       |       |       |     3 |     3 |     7 |     1 ||    14
       Potion            |       |       |       |     1 |     2 |     2 |     1 ||     6
 Stab: Sleeping          |       |     2 |     5 |     1 |       |       |       ||     8
       Confused          |       |       |     8 |     1 |       |       |       ||     9
       Invisible         |       |       |     2 |       |       |       |       ||     2
       Distracted        |       |       |     1 |       |       |       |       ||     1
Armor: Robe              |     4 |     8 |    28 |    12 |    25 |    14 |       ||    91
       Plate armour      |       |       |       |       |       |   125 |    95 ||   220
Dodge: Dodged            |    10 |    34 |   135 |    62 |    86 |   138 |    43 ||   508
